 Dungeon Crawl Stone Soup version 0.28-a0-726-g4a9143789a (webtiles) character file.

Game seed: 6742976038744534650

84 cheechan the Charlatan (level 4, -3/32 HPs)
             Began as a Barachi Artificer on Oct 27, 2021.
             Slain by Pikel (4 damage)
             ... on level 4 of the Dungeon.
             The game lasted 00:09:27 (3139 turns).

cheechan the Charlatan (Barachi Artificer)          Turns: 3139, Time: 00:09:27

Health: -3/32      AC:  3    Str: 14    XL:     4   Next: 45%
Magic:  4/4        EV:  9    Int: 11    God:
Gold:   61         SH:  7    Dex: 13    Spells: 3/3 levels left

rFire   . . .      SeeInvis +   h - +1 dagger (speed)
rCold   + . .      Faith    .   l - +0 kite shield
rNeg    . . .      Spirit   .   b - +0 leather armour
rPois   .          Reflect  .   (no helmet)
rElec   .          Harm     .   (no cloak)
rCorr   .          Rampage  .   (no gloves)
Will    .....                   (no boots)
Stlth   +.........              (no amulet)
HPRegen 0.10/turn               f - ring of see invisible
MPRegen 0.09/turn               r - ring of protection from cold

@: slow
A: amphibious, slowness 1, strong legs 1, +LOS
a: Hop


You were on level 4 of the Dungeon.
You visited 1 branch of the dungeon, and saw 4 of its levels.

You collected 127 gold pieces.
You spent 66 gold pieces at shops.

Inventory:

Hand Weapons
 a - a +0 club
 h - a +1 dagger of speed (weapon)
 o - a +1 whip of electrocution
Missiles
 i - 2 boomerangs
 j - 15 bolts
 m - 61 stones
 p - 12 arrows
 t - 11 poisoned darts
Armour
 b - a +0 leather armour (worn)
 l - a +0 kite shield (worn)
Jewellery
 f - a ring of see invisible (left hand)
 r - a ring of protection from cold (right hand)
Wands
 c - a wand of flame (3) (quivered)
 d - a wand of charming (15)
Scrolls
 q - 2 scrolls of identify
Potions
 g - a potion of attraction
 k - 2 potions of lignification
 n - 3 potions of curing
 s - 2 potions of flight
Miscellaneous
 e - a piece from Xom's chessboard (15/15)


   Skills:
 + Level 1.5 Fighting
 + Level 2.4 Short Blades
 + Level 2.7 Armour
 + Level 1.8 Dodging
 + Level 1.1 Stealth
 + Level 0.3 Shields
 + Level 4.1 Evocations


You had 3 spell levels left.
You didn't know any spells.
Your spell library contained the following spells:

 Spells                   Type           Power      Damage    Failure   Level
 Ensorcelled Hibernation  Hex/Ice        0%         N/A       99%         2
 Spider Form              Tmut/Pois      0%         N/A       100%        3
 Cause Fear               Hex            0%         N/A       100%        4
 Leda's Liquefaction      Hex/Erth       0%         N/A       100%        4
 Discord                  Hex            0%         N/A       100%        8


Dungeon Overview and Level Annotations

Branches:
Dungeon (4/15)
 Temple: D:4-7

Altars:
Makhleb
Trog
Zin

Shops:
D:3 !

Annotations:
D:4 Pikel


Innate Abilities, Weirdness & Mutations

You are amphibious.
You cover ground slowly.
You can hop short distances.
You have an extended range of vision and can be seen from far away.


Message History

The lemure is heavily wounded.
You block the lemure's attack.
You hit the lemure but do no damage.
The lemure is heavily wounded.
The lemure hits you.
You hit the lemure but do no damage.
The lemure is heavily wounded.
The lemure hits you!
A lemure comes into view.
You hit the lemure but do no damage.
The lemure is heavily wounded.
You block the lemure's attack.
Aiming: Throw Flame
Press: ? - help, Q - select action, (/) - cycle Shift-Dir - straight line, f/p - lemure
Aim: a lemure (heavily wounded, 64% to hit)
The puff of flame hits the lemure.
The lemure is severely wounded.
The lemure barely misses you.
Aiming: Throw Flame
Press: ? - help, Q - select action, (/) - cycle Shift-Dir - straight line, f/p - lemure
Aim: a lemure (severely wounded, 64% to hit)
The puff of flame hits the lemure.
The lemure is severely wounded.
The lemure hits you!
* * * LOW HITPOINT WARNING * * *
Pikel hits you with a +0 whip of flaming!
* * * LOW HITPOINT WARNING * * *
Pikel burns you.
* * * LOW HITPOINT WARNING * * *
Okay, then.
Okay, then.
You feel better. The lemure barely misses you.
Pikel hits you with a +0 whip of flaming!
* * * LOW HITPOINT WARNING * * *
Pikel burns you.
* * * LOW HITPOINT WARNING * * *
You feel better. The lemure hits you!
* * * LOW HITPOINT WARNING * * *
Pikel hits you with a +0 whip of flaming.
You die...

#.#<####......#....
#..#..#...... ....
#.......# ..#....
#.......##..#...
###..#..#.....##
#......#5.....##
##.......5.....#
###....5K..!..##
#......@5.......
#......../......#
##..............#
##..#..........#
####...........
...[#.#.....
#...#####.... ....#
#... ##..># ..#


You could see Pikel and 4 lemures.

Vanquished Creatures
  3 adders (D:3)
  A dart slug (D:3)
  5 ball pythons
  3 endoplasms (D:1)
  4 giant cockroaches
  8 goblins
  2 hobgoblins
  7 jackals (D:3)
  4 kobolds
  A quokka (D:1)
  5 bats
  A frilled lizard (D:1)
  4 rats
48 creatures vanquished.

Notes
Turn   | Place    | Note
-------+----------+-------------------------------------------
     0 | D:1      | cheechan the Barachi Artificer began the quest for the Orb.
     0 | D:1      | Reached XP level 1. HP: 15/15 MP: 1/1
   317 | D:1      | Reached XP level 2. HP: 19/21 MP: 2/2
   501 | D:1      | Reached skill level 1 in Stealth
   832 | D:1      | Found a faded altar of an unknown god.
  1054 | D:2      | Reached XP level 3. HP: 18/26 MP: 3/3
  1570 | D:2      | Reached skill level 1 in Short Blades
  1584 | D:2      | Got the Reference Book on Curses
  2040 | D:3      | Found a burning altar of Makhleb.
  2346 | D:3      | Found Taxil's Distillery.
  2426 | D:3      | Bought a potion of curing for 33 gold pieces
  2426 | D:3      | Bought a potion of curing for 33 gold pieces
  2533 | D:3      | Reached XP level 4. HP: 32/32 MP: 4/4
  2607 | D:3      | Reached skill level 4 in Evocations
  2633 | D:3      | Found a glowing silver altar of Zin.
  3013 | D:3      | Found a bloodstained altar of Trog.
  3123 | D:4      | Noticed a lemure
  3126 | D:4      | Noticed Pikel
  3130 | D:4      | Noticed a lemure
  3131 | D:4      | Noticed a lemure
  3134 | D:4      | Noticed a lemure
  3137 | D:4      | HP: 1/32 [Pikel (1)]
  3139 | D:4      | Slain by Pikel

Illustrated notes

Levels and vault maps discovered:
D:1:      lightli_arrival_statue_moat, layout_rooms,
          hellmonk_ecumenical_altar_zigzags
D:2:      layout_loops_ring, hex_large
D:3:      layout_basic, lightli_temple_of_fire, trog_book,
          mainiacjoe_overflow_small_starburst, serial_shops, nicolae_shop_stone,
          nicolae_shop_stone
D:4:      layout_cave_pools, nicolae_sif_muna_condensation, marbit_many_paths,
          minmay_temple_entry_fiery, gammafunk_ghost_stat_death, serial_shops,
          kennysheep_mini_moat, nicolae_shop_window_shopping, uniq_pikel,
          uniq_menkaure

Skill      XL: |  1  2  3  4 |
---------------+-------------+-----
Stealth        | 1 |  1.1
Short Blades   | 2 |  2.4
Evocations     | 4 |  4.1
Fighting       | |  1.5
Armour         | |  2.7
Dodging        | |  1.8
Shields        | |  0.3

Action                   |  1- 3 |  4- 6 || total
-------------------------+-------+-------++-------
Melee: Dagger            |   159 |    53 ||   212
       Club              |     9 |       ||     9
Evoke: Wand              |     5 |     7 ||    12
  Use: Scroll            |     8 |       ||     8
       Potion            |       |     2 ||     2
 Stab: Sleeping          |     1 |       ||     1
Armor: Leather armour    |    47 |    16 ||    63
Dodge: Dodged            |   105 |    24 ||   129
Block: Kite shield       |    54 |    21 ||    75

Table legend: (Time is in decaauts)
 A = Elapsed time spent in this place.
 B = Non-inter-level travel time spent in this place.
 C = Inter-level travel time spent in this place.
 D = Time resting spent in this place.
 E = Time spent auto-exploring this place.
 F = Levels seen in this place.
 G = Mean time per level.
                   A        B        C        D        E       F      G
               +--------+--------+--------+--------+--------+-----+--------+
         Total |   3550 |   3550 |      0 |    629 |      0 |   4 |  887.5 |
       Dungeon |   3550 |   3550 |      0 |    629 |      0 |   4 |  887.5 |
               +--------+--------+--------+--------+--------+-----+--------+

Top non-repeatable levels by time:
     D:3: 1549 daAuts
     D:1: 1140 daAuts
     D:2: 830 daAuts
     D:4: 30 daAuts
